 Dungeon Crawl Stone Soup version 0.24.0-123-gd5b16e6ec5 (webtiles) character file.

Game seed: 6039896958263164877, levelgen mode: deterministic

510 Delamore the Cleaver (level 7, -2/57 HPs)
             Began as a Hill Orc Fighter on Dec 28, 2019.
             Slain by an ogre
             ... wielding a +0 giant club
              (14 damage)
             ... on level 4 of the Dungeon.
             The game lasted 00:04:12 (3302 turns).

Delamore the Cleaver (Hill Orc Fighter)             Turns: 3302, Time: 00:04:13

Health: -2/57      AC: 10    Str: 21    XL:     7   Next: 19%
Magic:  7/7        EV:  7    Int:  8    God:
Gold:   149        SH:  9    Dex: 10    Spells: 6/6 levels left

rFire    . . .     SeeInvis .   a - +0 war axe
rCold    . . .     Gourm    .   c - +0 shield
rNeg     . . .     Faith    .   b - +0 scale mail
rPois    .         Spirit   .   (no helmet)
rElec    .         Reflect  .   j - +2 cloak
rCorr    .         Harm     .   (no gloves)
MR       .....                  (no boots)
Stlth    ..........             (no amulet)
HPRegen  0.19/turn              (no ring)
MPRegen  0.10/turn              (no ring)

@: no status effects
A: no striking features
a: no special abilities


You were on level 4 of the Dungeon.
You were not hungry.

You visited 1 branch of the dungeon, and saw 4 of its levels.

You collected 149 gold pieces.

Inventory:

Hand Weapons
 a - a +0 war axe (weapon)
Armour
 b - a +0 scale mail (worn)
 c - a +0 shield (worn)
 j - a +2 cloak (worn)
Jewellery
 l - a +4 ring of evasion {unknown}
Wands
 n - a wand of random effects (24)
Scrolls
 e - 2 scrolls of teleportation {unknown}
 g - 3 scrolls of identify {unknown}
 h - a scroll of noise {unknown}
 i - 2 scrolls of remove curse {unknown}
 m - a scroll of random uselessness {unknown}
 p - a scroll of magic mapping {unknown}
 r - a scroll of immolation {unknown}
 s - a scroll of fog {unknown}
 t - a scroll of amnesia {unknown}
 u - a scroll of enchant weapon {unknown}
Potions
 d - a potion of might
 o - a potion of berserk rage
 q - a potion of haste
Comestibles
 f - 5 rations


   Skills:
 - Level 3.6 Fighting
 + Level 10.0 Axes
 - Level 3.2 Armour
 - Level 3.2 Shields


You had 6 spell levels left.
You didn't know any spells.
Your spell library was empty.

Dungeon Overview and Level Annotations

Branches:
Dungeon (4/15)
 Temple: D:4-7

Altars:
Xom


Message History

The ogre is almost dead.
The ogre hits you with a +0 giant club!
* * * LOW HITPOINT WARNING * * *
You are too injured to fight recklessly!
You are too injured to fight recklessly!
You are too injured to fight recklessly!
You are too injured to fight recklessly!
You are too injured to fight recklessly!
You are too injured to fight recklessly!
You are too injured to fight recklessly!
You are too injured to fight recklessly!
You are too injured to fight recklessly!
You are too injured to fight recklessly!
You hit the ogre.
The ogre is almost dead.
The orc wizard gestures at you while chanting.
The magic dart hits you.
* * * LOW HITPOINT WARNING * * *
The ogre hits you with a +0 giant club!
You die...

#....... ... ##......
............o... #....
.........# #...
.......O## #..##..
.o.... #.....# ......
#... #....@##.......
##... #....O.o..(....
...o.#
#....?................
#.#............ ......
### #...........# .....
#...#..[)....##.###.###.
#...[.....#..#.#.##..
##........#.........#
....###................


You could see an ogre and an orc wizard.

Vanquished Creatures
  An ogre (D:4)
  A scorpion (D:4)
  A hound (D:4)
  An orc priest (D:3)
  2 orc wizards (D:3)
  Terence (D:2)
  An iguana (D:4)
  3 gnolls (D:3)
  6 adders
  2 oozes (D:3)
  A worm (D:4)
  2 dart slugs
  2 leopard geckos (D:3)
  18 orcs
  6 giant cockroaches
  9 goblins
  7 hobgoblins
  8 jackals
  2 quokkas
  12 bats
  A frilled lizard (D:1)
  8 kobolds
  5 rats
100 creatures vanquished.

Notes
Turn   | Place    | Note
-------+----------+-------------------------------------------
     0 | D:1      | Delamore the Hill Orc Fighter began the quest for the Orb.
     0 | D:1      | Reached XP level 1. HP: 19/19 MP: 1/1
    44 | D:1      | Reached skill level 3 in Axes
   119 | D:1      | Reached XP level 2. HP: 26/26 MP: 2/2
   188 | D:1      | Reached skill level 4 in Axes
   365 | D:1      | Reached XP level 3. HP: 31/31 MP: 3/3
   801 | D:2      | Reached skill level 5 in Axes
   897 | D:2      | Found a shimmering altar of Xom.
  1350 | D:2      | Noticed Terence
  1358 | D:2      | Killed Terence
  1358 | D:2      | Reached skill level 6 in Axes
  1358 | D:2      | Reached XP level 4. HP: 36/39 MP: 4/4
  1578 | D:3      | Reached XP level 5. HP: 35/45 MP: 5/5
  1688 | D:3      | Reached skill level 7 in Axes
  1775 | D:3      | HP: 3/67 [poisoned by an orc wizard]
  1776 | D:3      | HP: 1/67 [rat (1)]
  2160 | D:3      | You fall into a shaft and drop 1 floor!
  2401 | D:3      | Reached skill level 8 in Axes
  2494 | D:3      | Reached XP level 6. HP: 51/51 MP: 6/6
  2754 | D:4      | Reached skill level 9 in Axes
  2768 | D:4      | Reached XP level 7. HP: 25/57 MP: 7/7
  3295 | D:4      | Reached skill level 10 in Axes
  3302 | D:4      | Slain by an ogre

Levels and vault maps discovered:
D:1:      minmay_arrival_glassed_features, layout_basic, grunt_decor_fettered
D:2:      layout_loops_ring, xom_butterflies, first_ration,
          ebering_dispersal_statue_hall, uniq_terence
D:3:      layout_loops_ring, minmay_crystal_room, minmay_misc_feat_roman
D:4:      layout_cave_pools, lemuel_doored_altar

Skill      XL: |  1  2  3  4  5  6  7 |
---------------+----------------------+-----
Axes           | 3 4 6 8 9 10 | 10.0
Fighting       | |  3.6
Armour         | |  3.2
Shields        | |  3.2

Action                   |  1- 3 |  4- 6 |  7- 9 || total
-------------------------+-------+-------+-------++-------
Melee: War axe           |   146 |   177 |    47 ||   370
  Use: Potion            |       |     5 |       ||     5
  Eat: Chunk             |     2 |     5 |     1 ||     8
Armor: Scale mail        |    91 |    88 |    17 ||   196
       Skin              |       |    11 |       ||    11
Dodge: Dodged            |    60 |    47 |    12 ||   119
Block: Shield            |    86 |    93 |    13 ||   192
